 Dungeon Crawl Stone Soup version 0.20.0-6-gd3061e9 (webtiles) character file.

183 xgamer67 the Conjurer (level 5, 0/38 HPs)
             Began as a Demigod Air Elementalist on May 28, 2017.
             Slain by an orc wizard
             ... wielding a +0 dagger
              (2 damage)
             ... on level 4 of the Dungeon.
             The game lasted 00:06:44 (3159 turns).

xgamer67 the Conjurer (Demigod Air Elementalist)    Turns: 3159, Time: 00:06:44

Health: 0/38       AC:  7    Str: 13    XL:     5   Next: 13%
Magic:  0/10       EV: 11    Int: 19    God:
Gold:   125        SH:  0    Dex: 16    Spells: 4/7 levels left

rFire    . . .     SeeInvis .   e - +0 hand axe
rCold    + . .     Gourm    .   (no shield)
rNeg     . . .     Faith    .   x - +0 leather armour {rC+}
rPois    .         Spirit   .   (no helmet)
rElec    .         Reflect  .   u - +0 cloak
rCorr    .         Harm     .   n - +0 pair of gloves (curse)
MR       .....                  (no boots)
Stlth    ++........             (no amulet)
Regen    0.2/turn               q - +2 ring of protection
MPRegen  0.2/turn               (no ring)

@: very slightly contaminated, drained
A: high mp 1
a: no special abilities


You were on level 4 of the Dungeon.
You were hungry.

You visited 1 branch of the dungeon, and saw 4 of its levels.

You collected 125 gold pieces.

Inventory:

Hand Weapons
 e - a +0 hand axe (weapon)
Missiles
 s - 100 stones (quivered)
Armour
 n - a cursed +0 pair of gloves (worn)
 u - a +0 cloak (worn)
 v - a +2 scale mail of positive energy
 x - a +0 leather armour of cold resistance (worn)
Jewellery
 q - a +2 ring of protection (left hand)
 r - an uncursed amulet of harm
Scrolls
 f - a scroll of identify {unknown}
 k - a scroll of recharging {unknown}
 l - 4 scrolls of teleportation {unknown}
 m - a scroll of blinking {unknown}
 o - a scroll of noise {unknown}
Potions
 g - 2 potions of flight {unknown}
 p - a potion of ambrosia {unknown}
 t - a potion of heal wounds {unknown}
Books
 b - a book of Air

   Spells                             Type                      Level
   a - Shock                          Conjuration/Air              1
   b - Swiftness                      Charms/Air                   2
   c - Static Discharge               Conjuration/Air              3
   d - Airstrike                      Air                          4
   e - Lightning Bolt                 Conjuration/Air              5
Comestibles
 c - 2 bread rations
 h - a royal jelly
 i - 3 meat rations
 j - 4 fruits
 w - 8 chunks of flesh


   Skills:
 - Level 1.7(1.0) Dodging
 - Level 1.7(1.0) Stealth
 - Level 1.7(1.0) Spellcasting
 + Level 4.4(3.6) Conjurations
 + Level 3.2(2.4) Air Magic


You had 4 spell levels left.
You knew the following spells:

 Your Spells              Type           Power        Failure   Level  Hunger
a - Shock                 Conj/Air       ##..         7%          1    ##.....
A - Swiftness             Chrm/Air       #.......     22%         2    ###....


Dungeon Overview and Level Annotations

Branches:
Dungeon (4/15)
 Temple: D:4-7

Annotations:
D:3 SedStubbie's ghost, amateur OpEn


Innate Abilities, Weirdness & Mutations

You have an increased reservoir of magic. (+10% MP)


Message History

Press: ? - help, Shift-Dir - straight line The zap hits the orc wizard.
The orc wizard is heavily wounded.
The zap hits the orc wizard.
The orc wizard appears unharmed.
The orc wizard is heavily wounded.
The orc wizard casts a spell.
The orc wizard blinks!
The orc wizard casts a spell at you. The puff of flame hits you!
* * * LOW HITPOINT WARNING * * *
You barely miss the orc wizard.
The orc wizard is heavily wounded.
The orc wizard mumbles some strange words.
The orc wizard seems to speed up.
The orc wizard mumbles some strange words.
The orc wizard blinks!
You hit the orc wizard.
The orc wizard is severely wounded.
The orc wizard hits you with a dagger.
You die...

#.#
#o#
#.#
#ยง#
#.#
#.#
#o#
#o####
#.@..#
####.#
#.#
#.#
#.#
#.#
#.#
#.#
#.#


You could see 2 orc wizards and an orc.

Vanquished Creatures
  A bullfrog (D:4)
  4 adders (D:2)
  2 oozes
  2 worms (D:2)
  A dart slug (D:1)
  A leopard gecko (D:1)
  2 orcs
  A ball python (D:3)
  6 bats
  6 giant cockroaches
  7 goblins
  7 hobgoblins
  4 jackals
  5 kobolds
  A quokka (D:2)
  4 frilled lizards
  4 rats
58 creatures vanquished.

Notes
Turn   | Place    | Note
-------+----------+-------------------------------------------
     0 | D:1      | xgamer67 the Demigod Air Elementalist began the quest for the Orb.
     0 | D:1      | Reached XP level 1. HP: 14/14 MP: 5/5
    19 | D:1      | Reached skill level 1 in Conjurations
   340 | D:1      | Reached skill level 2 in Conjurations
   340 | D:1      | Reached XP level 2. HP: 19/20 MP: 7/7
   347 | D:1      | Learned a level 2 spell: Swiftness
  1443 | D:1      | Reached XP level 3. HP: 10/26 MP: 5/8
  1703 | D:2      | Reached skill level 3 in Conjurations
  1746 | D:2      | Found a faded altar of an unknown god.
  1945 | D:2      | Reached XP level 4. HP: 11/33 MP: 3/9
  2614 | D:2      | Reached skill level 4 in Conjurations
  3061 | D:3      | Noticed SedStubbie's ghost (amateur OpEn)
  3136 | D:4      | Noticed a bullfrog
  3151 | D:4      | Killed a bullfrog
  3151 | D:4      | Reached XP level 5. HP: 17/38 MP: 3/10
  3159 | D:4      | Slain by an orc wizard

Skill      XL: |  1  2  3  4 |
---------------+-------------+-----
Conjurations   | 2 3 4 |  4.4
Air Magic      | 3 |  3.2
Dodging        | |  1.7
Stealth        | |  1.7
Spellcasting   | |  1.7

Action                   |  1- 3 |  4- 6 || total
-------------------------+-------+-------++-------
Melee: Hand axe          |   113 |    51 ||   164
       Unarmed           |    11 |       ||    11
 Cast: Shock             |    16 |    23 ||    39
 Stab: Sleeping          |     4 |     1 ||     5
  Eat: Chunk             |     4 |     4 ||     8
Armor: Robe              |     6 |       ||     6
       Leather armour    |    34 |    42 ||    76
Dodge: Dodged            |   109 |    43 ||   152
